 Dungeon Crawl Stone Soup version 0.24.0-13-gcf9b319 (webtiles) character file.

Game seed: 13507817632979823738, levelgen mode: deterministic

427 Bronimir the Stinger (level 6, 0/43 HPs)
             Began as a Merfolk Venom Mage on Mar 26, 2020.
             Splashed by a jelly's acid (8 damage)
             ... on level 4 of the Dungeon.
             The game lasted 00:12:43 (5007 turns).

Bronimir the Stinger (Merfolk Venom Mage)           Turns: 5007, Time: 00:12:44

Health: 0/43       AC:  1    Str:  9    XL:     6   Next: 97%
Magic:  9/11       EV: 13    Int: 16    God:
Gold:   209        SH:  0    Dex: 14    Spells: 6/12 levels left

rFire    + . .     SeeInvis .   a - +3 dagger
rCold    . . .     Gourm    .   (no shield)
rNeg     . . .     Faith    .   x - +1 leather armour {rF+}
rPois    .         Spirit   .   (no helmet)
rElec    .         Reflect  .   u - +0 cloak
rCorr    .         Harm     .   (no gloves)
MR       .....                  (no boots)
Stlth    ++........             (no amulet)
HPRegen  0.14/turn              (no ring)
MPRegen  0.12/turn              (no ring)

@: corroded
A: change form in water, swift swim, stealthy swim
a: no special abilities


You were on level 4 of the Dungeon.
You were very hungry.

You visited 1 branch of the dungeon, and saw 7 of its levels.

You collected 209 gold pieces.

Inventory:

Hand Weapons
 a - a +3 dagger (weapon)
 b - a +0 hunting sling
 i - a +0 quarterstaff
 v - a +2 quarterstaff of chaos
 H - a +4 dagger
Missiles
 g - 53 arrows
 o - 25 poisoned darts (quivered)
 p - 14 bolts
 q - 86 stones
Armour
 k - a +0 robe
 s - a +0 leather armour
 u - a +0 cloak (worn)
 x - a +1 leather armour of fire resistance (worn)
Magical Staves
 m - an uncursed staff of air
Jewellery
 y - a cursed ring of attention {unknown}
 A - an uncursed ring of ice {unknown}
 C - a cursed amulet of inaccuracy {unknown}
Wands
 r - a wand of iceblast (4)
Scrolls
 e - 2 scrolls of random uselessness {unknown}
 f - a scroll of amnesia {unknown}
 h - 3 scrolls of identify {unknown}
 l - 3 scrolls of remove curse {unknown}
 w - 2 scrolls of teleportation {unknown}
 F - a scroll of fear {unknown}
Potions
 d - a potion of agility
 n - a potion of heal wounds {unknown}
 t - a potion of degeneration {unknown}
 z - a potion of cancellation {unknown}
 B - a potion of resistance {unknown}
 D - a potion of invisibility {unknown}
 E - a potion of berserk rage {unknown}
 G - a potion of lignification {unknown}
Comestibles
 c - 4 rations


   Skills:
 + Level 1.5 Fighting
 + Level 2.1 Short Blades
 + Level 0.1 Slings
 + Level 0.9 Armour
 * Level 4.1 Dodging
 - Level 2.1 Stealth
 + Level 0.2 Unarmed Combat
 * Level 3.8 Spellcasting
 - Level 0.8 Conjurations
 * Level 5.5 Poison Magic
 + Level 0.5 Evocations


You had 6 spell levels left.
You knew the following spells:

 Your Spells              Type           Power        Failure   Level  Hunger
a - Sting                 Conj/Pois      ##..         6%          1    None
b - Poisonous Vapours     Pois/Air       ##....       12%         2    ##.....
c - Mephitic Cloud        Conj/Pois/Air  #.......     30%         3    ###....

Your spell library contained the following spells:

 Spells                   Type           Power        Failure   Level  Hunger
 Olgreb's Toxic Radiance  Pois           ###.....     24%         4    ####...
 Venom Bolt               Conj/Pois      ##........   87%         5    ######.


Dungeon Overview and Level Annotations

Branches:
Dungeon (7/15)
 Temple: D:4-7

Altars:
Dithmenos
Yredelemnul

Shops:
D:4 =


Message History

Aim: a jelly The sting hits the jelly.
The jelly is lightly wounded.
The jelly hits you. The acid corrodes you!
You are splashed with acid!
You hit the jelly but do no damage.
Your hands burn!
The jelly is lightly wounded.
The jelly misses you.
You hit the jelly but do no damage.
Your hands burn!
The jelly is lightly wounded.
The jelly hits you.
You are splashed with acid!
* * * LOW HITPOINT WARNING * * *
You hit the jelly but do no damage.
Your hands burn!
* * * LOW HITPOINT WARNING * * *
The jelly is lightly wounded.
The jelly hits you but does no damage.
Okay, then.
You feel better. The jelly hits you.
* * * LOW HITPOINT WARNING * * *
You are splashed with acid!
You die...

..........#
#.# #.#.#
#########.#
.# #.#.#
#.# ..
....# #.#
##### #.#
#.# #.# #
.# #.######
#..J@..#
#..###.#
#.. # ##.
#. ##


You could see a jelly.

Vanquished Creatures
  Grinder (D:3)
  A centaur (D:7)
  Crazy Yiuf (D:3)
  Ijyb (D:3)
  4 adders
  An ooze (D:3)
  A worm (D:2)
  A dart slug (D:2)
  A leopard gecko (D:2)
  An orc (D:3)
  A giant cockroach (D:3)
  7 goblins
  5 hobgoblins
  9 jackals
  A quokka (D:3)
  2 ball pythons
  4 bats
  4 frilled lizards (D:2)
  9 kobolds
  10 rats
  A spectral orc (D:2)
66 creatures vanquished.

Notes
Turn   | Place    | Note
-------+----------+-------------------------------------------
     0 | D:1      | Bronimir the Merfolk Venom Mage began the quest for the
                  | Orb.
     0 | D:1      | Reached XP level 1. HP: 13/13 MP: 3/3
   244 | D:1      | Reached XP level 2. HP: 19/19 MP: 3/5
   287 | D:1      | Learned a level 2 spell: Poisonous Vapours
  1369 | D:2      | Reached XP level 3. HP: 21/24 MP: 4/6
  1431 | D:2      | Reached skill level 4 in Poison Magic
  1763 | D:2      | Learned a level 3 spell: Mephitic Cloud
  2244 | D:2      | Reached XP level 4. HP: 31/31 MP: 2/7
  2361 | D:2      | Found a shadowy altar of Dithmenos.
  2714 | D:2      | Found a basalt altar of Yredelemnul.
  2935 | D:3      | Noticed Ijyb
  2950 | D:3      | Killed Ijyb
  2950 | D:3      | Reached skill level 1 in Short Blades
  3074 | D:3      | Found a runed translucent door.
  3075 | D:3      | Noticed Crazy Yiuf
  3086 | D:3      | Killed Crazy Yiuf
  3086 | D:3      | Reached skill level 1 in Fighting
  3086 | D:3      | Reached XP level 5. HP: 37/37 MP: 3/9
  3737 | D:3      | Noticed Grinder
  3921 | D:3      | Killed Grinder
  3921 | D:3      | Reached skill level 5 in Poison Magic
  3921 | D:3      | Reached XP level 6. HP: 17/43 MP: 9/11
  4840 | D:4      | Found Uzagen's Jewellery Boutique.
  4900 | D:4      | You fall into a shaft and drop 3 floors!
  4934 | D:6      | Noticed a sky beast
  4968 | D:5      | Entered Level 5 of the Dungeon
  5005 | D:4      | HP: 1/43 [acid (3)]
  5007 | D:4      | Splashed by a jelly's acid

Levels and vault maps discovered:
D:1:      dpeg_arrival_houses_and_road, layout_loops_ring, serial_bayou,
          serial_bayou_shore_b, serial_bayou_pond_a, serial_bayou_pond_a,
          serial_bayou_pond_e, hangedman_decor_points
D:2:      layout_basic, yredelemnul_forgotten_temple_becter,
          grunt_dithmenos_smoke_and_mirrors
D:3:      layout_basic, uniq_grinder, uniq_crazy_yiuf_cottage, uniq_ijyb
D:4:      layout_loops_ring, fiery_altar_vehumet, portal_sewer_entry_e,
          serial_shops, shop
D:5:      layout_cave_pools, minmay_temple_entry_poolview, first_ration
D:6:      layout_basic, overflow_temple_1_default
D:7:      kb_forest_paths, layout_basic, serial_shops,
          nicolae_shop_behind_doors, nicolae_shop_stone,
          nicolae_shop_behind_doors, enter_bailey_2

Skill      XL: |  1  2  3  4  5  6 |
---------------+-------------------+-----
Dodging        | 3 4 |  4.1
Poison Magic   | 4 5 |  5.5
Short Blades   | 1 2 |  2.1
Fighting       | 1 |  1.5
Spellcasting   | 3 |  3.8
Slings         | |  0.1
Armour         | |  0.9
Stealth        | |  2.1
Unarmed Combat | |  0.2
Conjurations   | |  0.8
Evocations     | |  0.5

Action                   |  1- 3 |  4- 6 || total
-------------------------+-------+-------++-------
Melee: Unarmed           |    20 |       ||    20
       Dagger            |    57 |    64 ||   121
       Tailslap          |     2 |       ||     2
 Fire: Hunting sling     |       |     8 ||     8
 Cast: Sting             |    36 |    11 ||    47
       Poisonous Vapours |    13 |    14 ||    27
       Mephitic Cloud    |       |     1 ||     1
Evoke: Wand              |       |     6 ||     6
  Use: Potion            |     2 |     1 ||     3
 Stab: Sleeping          |     5 |     2 ||     7
       Confused          |       |     1 ||     1
  Eat: Chunk             |     6 |     8 ||    14
Armor: Robe              |    14 |     2 ||    16
       Leather armour    |       |    14 ||    14
Dodge: Dodged            |    97 |    70 ||   167
